 Dungeon Crawl Stone Soup version 0.31.0-32-g396128a36d (webtiles) character file.

Game seed: 13159899271211683632

65011 Peloso the Fencer (level 14, -1/133 HPs)
             Began as a Minotaur Fighter on Mar 23, 2024.
             Was a High Priest of Okawaru.
             Slain by an eight-headed hydra (14 damage)
             ... on level 5 of the Lair of Beasts.
             The game lasted 00:41:46 (19972 turns).

Peloso the Fencer (Minotaur Fighter)               Turns: 19972, Time: 00:41:49

Health: -1/133     AC:  5    Str: 23    XL:     14   Next: 73%
Magic:  12/14      EV: 16    Int:  3    God:    Okawaru [*****.]
Gold:   1714       SH: 14    Dex: 13    Spells: 13/13 levels left

rFire   . . .        b - +0 whip (flame)
rCold   . . .        d - +0 buckler
rNeg    + + .        x - +8 scale mail of Zesi {rElec rN++ Regen+ Int-5}
rPois   .            w - +2 hat {Int+3}
rElec   +            p - +2 cloak
rCorr   .            r - +1 pair of gloves
SInv    .            B - +0 pair of boots
Will    ++...        y - amulet of reflection
Stlth   ++           v - ring of willpower
HPRegen 1.22/turn    (no ring)
MPRegen 0.14/turn

%: reflection
@: heroic, marked, corroded
A: horns 2, retaliatory headbutt
a: Renounce Religion, Heroism, Finesse, Duel


You were on level 5 of the Lair of Beasts.
You worshipped Okawaru.
Okawaru was extremely pleased with you.
You visited 4 branches of the dungeon, and saw 21 of its levels.

You collected 1866 gold pieces.
You spent 152 gold pieces at shops.

Inventory:

Hand Weapons
 a - a +2 vampiric long sword
 b - a +0 whip of flaming (weapon)
Armour
 d - a +0 buckler (worn)
 p - a +2 cloak (worn)
 r - a +1 pair of gloves (worn)
 w - a +2 hat of intelligence (worn)
 x - the +8 scale mail of Zesi (worn) {rElec rN++ Regen+ Int-5}
   (You found it on level 9 of the Dungeon)

   Int-5:     It affects your intelligence (-5).
   rElec:     It insulates you from electricity.
   rN++:      It greatly protects you from negative energy.
   Regen+:    It increases your rate of health regeneration.
 A - the +0 cloak of Lifelessness {Str+3}
   (You bought it in a shop on level 1 of the Dungeon)

   Str+3:     It affects your strength (+3).
 B - a +0 pair of boots (worn)
 W - a +2 chain mail of fire resistance
 X - the +8 plate armour of Futuristic the Good {Will++ rCorr Str-5}
   (You found it on level 3 of the Lair of Beasts)

   Str-5:     It affects your strength (-5).
   Will++:    It greatly increases your willpower.
   rCorr:     It protects you from acid and corrosion.
Jewellery
 n - a ring of ice
 v - a ring of willpower (left hand)
 y - an amulet of reflection (around neck)
 I - a ring of see invisible
 T - a +6 ring of strength
Talismans
 c - a serpent talisman
 s - a maw talisman
 G - a flux talisman
 L - a blade talisman
Wands
 m - a wand of iceblast (20)
 q - a wand of flame (20)
 F - a wand of acid (8)
 H - a wand of mindburst (25)
 N - a wand of digging (3)
Scrolls
 f - 3 scrolls of revelation
 g - 3 scrolls of amnesia
 h - a scroll of fog
 i - a scroll of blinking
 k - a scroll of poison
 l - 2 scrolls of teleportation
 C - 3 scrolls of vulnerability
 D - a scroll of immolation
 J - 2 scrolls of enchant weapon
 P - 2 scrolls of brand weapon
 Q - a scroll of enchant armour
Potions
 e - a potion of brilliance {unknown}
 j - a potion of might
 o - 2 potions of magic
 t - 10 potions of curing
 E - 2 potions of invisibility
 K - 4 potions of ambrosia
 M - 4 potions of mutation
 R - 2 potions of haste
 S - a potion of cancellation {unknown}
 U - 2 potions of enlightenment {unknown}
 Y - 2 potions of resistance {unknown}
Miscellaneous
 V - a box of beasts


   Skills:
 + Level 14.8(19.8) Fighting
 + Level 16.3(21.3) Long Blades
 + Level 3.5(8.5) Maces & Flails
 + Level 12.4(17.4) Armour
 + Level 9.8(14.8) Dodging
 + Level 2.0(7.0) Stealth
 + Level 16.0(21.0) Shields
 + Level 1.7 Invocations
 + Level 0.2 Evocations


You had 13 spell levels left.
You didn't know any spells.
Your spell library contained the following spells:

 Spells                   Type           Power      Damage    Failure   Level
 Apportation              Tloc           0%         N/A       75%         1
 Kiss of Death            Conj/Necr      0%         2d5       75%         1
 Necrotise                Necr           0%         1d4       75%         1
 Ensorcelled Hibernation  Hex/Ice        0%         N/A       87%         2
 Jinxbite                 Hex            0%         N/A       87%         2
 Sublimation of Blood     Necr           0%         N/A       87%         2
 Confusing Touch          Hex            0%         N/A       98%         3
 Fugue of the Fallen      Necr           0%         N/A       98%         3
 Vampiric Draining        Necr           0%         2d6       98%         3
 Anguish                  Hex/Necr       0%         N/A       100%        4
 Dispel Undead            Necr           0%         3d6       100%        4
 Vhi's Electric Charge    Tloc/Air       0%         N/A       100%        4
 Alistair's Intoxication  Alch           0%         N/A       100%        5
 Arcjolt                  Conj/Air       0%         1d10      100%        5
 Curse of Agony           Necr           0%         N/A       100%        5
 Maxwell's Capacitive Co  Air            0%         ∞         100%        8
 Call Imp                 Summ           Unusable   N/A       N/A         2
 Martyr's Knell           Necr/Summ      Unusable   N/A       N/A         4
 Summon Hydra             Summ           Unusable   N/A       N/A         7

Dungeon Overview and Level Annotations

Branches:
Dungeon (13/15)            Temple (1/1) D:7            Lair (5/5) D:9
 Shoals (0/4) Lair:2        Snake (0/4) Lair:2        Slime (0/5) Lair:5
    Orc (2/2) D:9             Elf (0/3) Orc:2
 Vaults: D:13-14

Altars:
Ashenzari
Cheibriados
Dithmenos
Elyvilon
Fedhas
Gozag
Hepliaklqana
Kikubaaqudgha
Makhleb
Nemelex Xobeh
Okawaru
Qazlal
Ru
Sif Muna
Trog
Uskayaw
Vehumet
Wu Jian
Xom
Yredelemnul
Zin
The Shining One
Jiyva

Shops:
D:1 [   D:8 (   D:9 (   Orc:2 [[=*

Annotations:
D:3 Cosae?
D:4 Dowan, Duvessa
D:11 2 transporters, YordlordTheGreat's ghost, journeyman DEHs
Orc:1 2 transporters


Innate Abilities, Weirdness & Mutations

You have a pair of horns on your head.
You reflexively headbutt those who attack you in melee.


Message History

The eight-headed hydra is lightly wounded.
The eight-headed hydra bites you but does no damage.
The eight-headed hydra misses you.
You block the eight-headed hydra's attack. x2
The eight-headed hydra bites you!
The eight-headed hydra bites you but does no damage.
The eight-headed hydra bites you. x2
You hit the eight-headed hydra but do no damage.
You headbutt the eight-headed hydra!
The eight-headed hydra is moderately wounded.
A water moccasin comes into view.
The eight-headed hydra bites you!
* * * LOW HITPOINT WARNING * * *
You block the eight-headed hydra's attack.
The eight-headed hydra bites you!
* * * LOW HITPOINT WARNING * * *
The eight-headed hydra bites you!
* * * LOW HITPOINT WARNING * * *
You block the eight-headed hydra's attack.
The eight-headed hydra bites you!
* * * LOW HITPOINT WARNING * * *
The eight-headed hydra bites you but does no damage.
The eight-headed hydra misses you.
You hit the eight-headed hydra but do no damage.
The eight-headed hydra is moderately wounded.
A wyvern comes into view.
Unknown command.
You feel much better.
The dream sheep ruffle their wool and motes of dream dust sparkle, to no effect.
You block the eight-headed hydra's attack.
The eight-headed hydra misses you.
You block the eight-headed hydra's attack.
The eight-headed hydra closely misses you.
The eight-headed hydra bites you!
* * * LOW HITPOINT WARNING * * *
The eight-headed hydra closely misses you.
The eight-headed hydra bites you.
* * * LOW HITPOINT WARNING * * *
The eight-headed hydra bites you!
You die...

### #..P# ..... #
... # .. ## #.. ..#
...##.##.#####..P..
.....khSD@...P... .
##!S#JY##.#k#.PP #.
##...Y.###.#
##..#..Y>........
#P.........###...
....##..#.##......
.P. #........##...#
.P#.##.##..####....
##...###.####....


You could see an eight-headed hydra, a lindwurm, a polar bear, 2 water
moccasins, a wyvern, 2 dream sheep and a jelly.

Vanquished Creatures
  Kirke (D:12)
  A vault guard (D:12)
  8 hydras
  A centaur warrior (D:13)
  A two-headed ogre (D:10)
  An ogre mage (D:12)
  3 boulder beetles
  A tengu warrior (D:11)
  3 orc high priests (Orc:1)
  Urug (Lair:3)
  6 death yaks
  An occultist (D:12)
  4 skysharks
  An arcanist (D:12)
  4 orc knights
  Pikel (D:7)
  A deep elf pyromancer (D:12)
  2 deep elf zephyrmancers
  4 ugly things
  Maurice (D:10)
  4 orc sorcerers
  2 cyclopes (D:12)
  3 manticores
  15 elephants
  4 kobold blastminers
  2 black mambas
  A torpor snail (Lair:3)
  3 gargoyles
  12 cane toads
  2 unseen horrors (D:12)
  6 rime drakes
  A tengu conjurer (D:12)
  8 komodo dragons
  3 trolls
  A hornet (D:10)
  4 polar bears
  8 blink frogs
  A shadow (D:10)
  3 wyverns
  2 wraiths
  35 yaks
  3 hogs (D:11)
  A human (D:12)
  3 steam dragons
  3 basilisks
  A warg (Orc:1)
  3 acid dragons
  3 vampire mosquitoes (D:11)
  4 nagas (Lair:2)
  16 water moccasins
  2 ice beasts
  15 orc warriors
  2 laughing skulls (D:13)
  2 black bears
  3 ogres
  11 wolves
  5 centaurs
  A kobold brigand (D:9)
  2 lemures (D:7)
  2 phantoms
  20 bullfrogs
  3 scorpions
  8 wights
  12 killer bees
  3 electric eels
  14 jellies
  15 orc priests
  A gnoll bouda (D:6)
  2 hounds (D:5)
  3 iguanas
  22 orc wizards
  4 hell rats (Lair:1)
  8 adders
  10 gnolls
  2 shadow imps
  A white imp (D:8)
  2 dart slugs (D:1)
  A ribbon worm (D:2)
  58 orcs
  13 bats
  5 endoplasms
  10 giant cockroaches
  7 goblins
  6 hobgoblins
  6 jackals
  2 quokkas
  6 ball pythons
  5 frilled lizards
  2 goblin skeletons (D:6)
  A goblin zombie (D:6)
  3 hobgoblin zombies (D:6)
  13 kobolds
  A kobold zombie (D:6)
  7 rats
524 creatures vanquished.

Vanquished Creatures (others)
  An orc wizard (Orc:2)
  An orc (D:10)
2 creatures vanquished.

Grand Total: 526 creatures vanquished

Notes
Turn   | Place    | Note
-------+----------+-------------------------------------------
     0 | D:1      | Peloso the Minotaur Fighter began the quest for the Orb.
     0 | D:1      | Reached XP level 1. HP: 19/19 MP: 0/0
   126 | D:1      | Found Daberoogh's Antique Armour Emporium.
   176 | D:1      | Reached XP level 2. HP: 23/27 MP: 1/1
   517 | D:1      | Reached XP level 3. HP: 33/33 MP: 2/2
   527 | D:1      | Found a faded altar of an unknown god.
  1318 | D:2      | Reached XP level 4. HP: 40/40 MP: 3/3
  1814 | D:3      | Found a basalt altar of Yredelemnul.
  1817 | D:3      | Reached skill level 1 in Dodging
  2147 | D:3      | Found a radiant altar of Vehumet.
  2187 | D:3      | Found a shimmering blue altar of Sif Muna.
  2305 | D:4      | Reached XP level 5. HP: 47/47 MP: 4/4
  2361 | D:4      | Noticed a centaur
  2373 | D:4      | Killed a centaur
  2374 | D:4      | Reached skill level 5 in Long Blades
  2399 | D:4      | Noticed Dowan
  2399 | D:4      | Noticed Duvessa
  2486 | D:1      | Bought a crude cloak for 152 gold pieces
  2486 | D:1      | Identified the +0 cloak of Lifelessness {Str+3} (You bought
                  | it in a shop on level 1 of the Dungeon)
  2716 | D:4      | Reached XP level 6. HP: 40/53 MP: 5/5
  2876 | D:5      | Entered Level 5 of the Dungeon
  2942 | D:5      | Reached skill level 5 in Armour
  3087 | D:5      | Reached XP level 7. HP: 57/60 MP: 6/6
  3266 | D:5      | Reached skill level 5 in Fighting
  4156 | D:6      | You fall into a shaft and drop 2 floors!
  4169 | D:7      | Reached XP level 8. HP: 57/69 MP: 7/7
  4427 | D:6      | Reached skill level 5 in Shields
  4825 | D:6      | Found a glowing golden altar of the Shining One.
  5471 | D:7      | Found a staircase to the Ecumenical Temple.
  5494 | Temple   | Entered the Ecumenical Temple
  5501 | Temple   | Became a worshipper of Warmaster Okawaru
  5876 | D:7      | Noticed Pikel
  5895 | D:7      | Killed Pikel
  5895 | D:7      | Reached * piety under Okawaru
  5896 | D:7      | Reached skill level 10 in Long Blades
  5896 | D:7      | Reached XP level 9. HP: 57/78 MP: 8/8
  6025 | D:8      | Found Uzuh Fed's Antique Weapon Shop.
  6545 | D:8      | Reached ** piety under Okawaru
  7023 | D:9      | Found a staircase to the Orcish Mines.
  7035 | D:9      | Found Geudydum's Weapon Shoppe.
  7234 | D:9      | Identified the +0 robe of Farodwot {rPois Archmagi}
  7363 | D:9      | Reached *** piety under Okawaru
  7379 | D:9      | Reached XP level 10. HP: 77/88 MP: 9/9
  7422 | D:9      | Found a staircase to the Lair.
  7469 | D:9      | Identified the +8 scale mail of Zesi {rElec rN++ Regen+
                  | Int-5}
  7976 | D:10     | Entered Level 10 of the Dungeon
  8038 | D:10     | Reached **** piety under Okawaru
  8071 | D:10     | Noticed Maurice
  8082 | D:10     | Maurice stole a blade talisman
  8086 | D:10     | Maurice stole a ring of ice
  8104 | D:10     | Something stole a +0 whip of flaming
  8105 | D:10     | Killed Maurice
  8537 | D:10     | Noticed a two-headed ogre
  8558 | D:10     | Killed a two-headed ogre
  8558 | D:10     | Reached ***** piety under Okawaru
  8561 | D:10     | Received a gift from Okawaru
  8711 | D:10     | Noticed a white ugly thing
  8725 | D:10     | Killed a white ugly thing
  8834 | D:11     | Noticed a gargoyle
  8846 | D:11     | Killed a gargoyle
  8847 | D:11     | Reached XP level 11. HP: 87/97 MP: 10/10
  8959 | D:11     | Found a bloodstained altar of Trog.
  8959 | D:11     | Noticed YordlordTheGreat's ghost (journeyman DEHs)
  8960 | D:11     | Noticed a deep troll
  8961 | D:11     | Noticed a two-headed ogre
  8978 | D:11     | Found a transporter.
  8981 | D:11     | Found a transporter.
  9096 | D:11     | Noticed a cyan ugly thing
  9111 | D:11     | Killed a cyan ugly thing
  9122 | D:11     | Noticed a brown ugly thing
  9133 | D:11     | Killed a brown ugly thing
  9165 | D:11     | Noticed a boulder beetle
  9198 | D:11     | Killed a boulder beetle
  9199 | D:11     | Reached skill level 10 in Shields
  9309 | D:11     | Reached skill level 10 in Fighting
  9620 | D:12     | Noticed a green ugly thing
  9637 | D:11     | Killed a green ugly thing
  9637 | D:11     | Received a gift from Okawaru
  9638 | D:11     | Reached skill level 5 in Dodging
  9770 | D:12     | Noticed a tengu warrior
  9884 | D:11     | Killed a tengu warrior
  9968 | D:12     | Noticed Kirke
 10066 | D:12     | Killed Kirke
 10067 | D:12     | Reached skill level 10 in Armour
 10355 | D:12     | Noticed an arcanist
 10365 | D:12     | Killed an arcanist
 10366 | D:12     | Reached skill level 1 in Invocations
 10366 | D:12     | Reached XP level 12. HP: 108/108 MP: 8/11
 10462 | D:12     | Noticed a boulder beetle
 10514 | D:12     | Killed a boulder beetle
 10541 | D:12     | Noticed an ogre mage
 10956 | D:12     | Killed an ogre mage
 11300 | D:12     | Found the +12 glaive of Prune {freeze, Prune}
 11451 | Lair:1   | Entered Level 1 of the Lair of Beasts
 11484 | Lair:1   | Received a gift from Okawaru
 11753 | Lair:1   | Reached ****** piety under Okawaru
 11982 | Lair:1   | Received a gift from Okawaru
 12063 | Lair:1   | Found a snail-covered altar of Cheibriados.
 12237 | Lair:1   | Reached skill level 1 in Stealth
 12312 | Lair:1   | Reached XP level 13. HP: 119/119 MP: 12/12
 12327 | Lair:1   | Reached skill level 15 in Long Blades
 12856 | Lair:2   | Found a staircase to the Shoals.
 12863 | Lair:2   | Found a staircase to the Snake Pit.
 13549 | Lair:3   | Noticed Urug
 13582 | Lair:3   | Killed Urug
 13587 | Lair:3   | Received a gift from Okawaru
 14537 | Lair:3   | Received a gift from Okawaru
 14861 | Lair:3   | Reached skill level 1 in Maces & Flails
 14905 | Lair:3   | Reached XP level 14. HP: 18/130 MP: 14/14
 15278 | Lair:3   | Identified the +8 plate armour of Futuristic the Good
                  | {Will++ rCorr Str-5}
 15978 | Orc:1    | Entered Level 1 of the Orcish Mines
 16050 | Orc:2    | Entered Level 2 of the Orcish Mines
 16051 | Orc:2    | Found a staircase to the Elven Halls.
 16112 | Orc:1    | Received a gift from Okawaru
 16444 | Orc:1    | Reached skill level 15 in Shields
 17342 | Orc:2    | Found Qiobow's General Store.
 17342 | Orc:2    | Found Aqaor's Jewellery Shoppe.
 17385 | Orc:2    | Found Ycrewoq's Armour Boutique.
 17385 | Orc:2    | Found Lyixast's Armour Boutique.
 17921 | Orc:1    | Found a transporter.
 18119 | Orc:1    | Found a transporter.
 18119 | Orc:1    | Noticed an orc warlord
 18476 | D:12     | Received a gift from Okawaru
 18810 | Lair:4   | Found a shadowy altar of Dithmenos.
 19517 | Lair:5   | Entered Level 5 of the Lair of Beasts
 19898 | Lair:5   | Found a staircase to the Slime Pits.
 19899 | Lair:5   | Found a viscous altar of Jiyva.
 19970 | Lair:5   | HP: 5/133 [eight-headed hydra (7)]
 19972 | Lair:5   | Slain by an eight-headed hydra

Illustrated notes

Levels and vault maps discovered:
D:1:      shiori_arrival_maze, layout_loops_ring, serial_shops,
          nicolae_shop_tiny_statue_garden, shapermc_ecumenical_altar_acropolis,
          dk_noncrumbling_3, minmay_door_square, corexii_leaking_fountain,
          glass_columns_c, minmay_worlds_worst_comb
D:2:      minmay_recursive_quarters, layout_loops_ring, minmay_splitting_lines,
          ebering_dispersal_statue_hall
D:3:      layout_rooms, jmf_multi_god_temple2,
          mainiacjoe_overflow_six_doors_small, dk_vineyard_2, item_on_display_b
D:4:      layout_loops_corners, cheibrodos_worm_habitat, uniq_robin,
          uniq_duvessa, uniq_menkaure
D:5:      layout_loops_cross
D:6:      layout_basic, nicolae_tso_besieged_by_evil, serial_rivers,
          chequers_serial_rivers_micro_b, chequers_serial_rivers_micro_c,
          chequers_serial_rivers_small_b, chequers_serial_rivers_micro_d,
          kennysheep_decorative_pillar
D:7:      layout_basic, minmay_temple_entry_tees, serial_corexii_hall,
          corexii_hall_statues_x, chequers_hall_statues_corner_a, uniq_pikel
D:8:      layout_loops_ring, serial_shops, shop, fungi_pond_lemuel
D:9:      layout_irregular_city, david_lair_generic, orc_david_3,
          dk_rats_in_the_wall
D:10:     minmay_thick_lines, layout_basic, uniq_maurice
D:11:     layout_irregular_city, gammafunk_ghost_wrathful_warriors
D:12:     layout_cave_pools, grunt_ministairs_9, minmay_guarded_unrand_prune,
          uniq_kirke
D:13:     layout_big_octagon, grunt_vaults_entry_tiered
Temple:   minmay_crystal_spiral_temple
Lair:1:   layout_gridlike, basic_altar, grunt_forest_stairs_basic
Lair:2:   layout_cellular_growth, elwin_shoals_entry_rocks,
          minmay_snake_entry_guardpost_small, serial_bayou_shore_b
Lair:3:   nzn_winding_woodlands_huge [nzn_winding_woodlands_5x15_concentric,
          nzn_winding_woodlands_5x15_longhouse,
          nzn_winding_woodlands_5x15_cabin, nzn_winding_woodlands_5x15_garden,
          nzn_winding_woodlands_5x15_twine, nzn_winding_woodlands_5x15_pockets,
          nzn_winding_woodlands_5x15_sidewinder,
          nzn_winding_woodlands_5x15_crooked, nzn_winding_woodlands_5x15_zeroes,
          nzn_winding_woodlands_5x15_split_checker,
          nzn_winding_woodlands_center_lodge,
          nzn_winding_woodlands_center_diamonds,
          nzn_winding_woodlands_15x15_eel_pit], layout_layer_cave,
          serial_bayou_pond_e, uniq_urug
Lair:4:   layout_long_grid, basic_altar, hangedman_lair_unloving_vines
Lair:5:   cheibrodos_lair_end_hotspot, layout_regular_city,
          minmay_slime_entry_jelly_boxes
Orc:1:    gammafunk_beogh_shrine, layout_caves
Orc:2:    st_orc_elflike, layout_caves

Skill      XL: |  1  2  3  4  5  6  7  8  9 10 11 12 13 14 |
---------------+-------------------------------------------+-----
Armour         | 4 5 6 7 8 9 10 11 12 | 12.4
Fighting       | 4 5 6 8 9 10 12 13 14 | 14.8
Long Blades    | 3 4 5 6 8 10 11 12 14 15 16 | 16.3
Shields        | 4 5 7 9 11 12 14 16 | 16.0
Dodging        | 1 4 6 7 9 |  9.8
Invocations    | 1 |  1.7
Stealth        | 1 2 |  2.0
Maces & Flails | 2 3 |  3.5
Evocations     | |  0.2

Action                     |  1- 3 |  4- 6 |  7- 9 | 10-12 | 13-15 || total
---------------------------+-------+-------+-------+-------+-------++-------
  Melee: Long sword        |   126 |   128 |   436 |   908 |  1274 ||  2872
         Headbutt          |    11 |    17 |    96 |   215 |   396 ||   735
         Whip              |       |       |       |       |    82 ||    82
 Invoke: Heroism           |       |       |       |     9 |    14 ||    23
  Evoke: Wand              |       |       |     1 |     1 |     3 ||     5
    Use: Scroll            |       |       |     8 |     4 |    12 ||    24
         Potion            |       |       |     1 |     1 |     3 ||     5
 Armour: Scale mail        |   117 |       |       |   607 |   832 ||  1556
         Chain mail        |    17 |    23 |       |       |       ||    40
         Plate armour      |       |    98 |   414 |    19 |       ||   531
  Dodge: Dodged            |    82 |    42 |   123 |   322 |   586 ||  1155
  Block: Buckler           |    43 |    37 |   207 |   469 |   839 ||  1595
         Reflection        |       |       |     2 |    13 |    19 ||    34
